 Dungeon Crawl Stone Soup version 0.17.0-19-gb37c632 (console) character file.

130 Kloppie the Skirmisher (level 4, -1/39 HPs)
             Began as a Demigod Fighter on Nov 12, 2015.
             Slain by Natasha (4 damage)
             ... on level 2 of the Dungeon.
             The game lasted 00:03:08 (1732 turns).

Kloppie the Skirmisher (Demigod Fighter)            Turns: 1732, Time: 00:03:08

Health: -1/39      AC:  8    Str: 19    XL:     4   Next: 60%
Magic:  6/6        EV:  7    Int: 14    God:
Gold:   48         SH:  9    Dex: 15    Spells: 0 memorised, 3 levels left

rFire  . . .     SeeInvis .     a - +0 long sword
rCold  . . .     Clarity  .     b - +0 scale mail
rNeg   . . .     SustAt   +     c - +0 shield
rPois  .         Gourm    .     (no helmet)
rElec  .         Spirit   .     (no cloak)
rCorr  .         Warding  .     (no gloves)
rMut   .         Stasis   .     o - +0 pair of boots
MR     .....                    (no amulet)
Stlth  ..........               (no ring)
                                (no ring)

@: slowed, very slow, not resistant to hostile enchantments, extremely
unstealthy
A: high mp 1, sustain attributes
a: no special abilities


You were on level 2 of the Dungeon.
You were not hungry.

You visited 1 branch of the dungeon, and saw 2 of its levels.

You collected 48 gold pieces.

Inventory:

Hand Weapons
 a - a +0 long sword (weapon)
 q - a +2 whip of electrocution
Armour
 b - a +0 scale mail (worn)
 c - a +0 shield (worn)
 l - a +0 chain mail
 o - a +0 pair of boots (worn)
Scrolls
 f - a scroll of magic mapping {unknown}
 g - a scroll of fear {unknown}
 j - a scroll of identify {unknown}
 k - a scroll of remove curse {unknown}
 n - a scroll of random uselessness {unknown}
 p - a scroll of enchant weapon {unknown}
Potions
 d - a potion of might
 h - a potion of heal wounds {unknown}
 i - 2 potions of brilliance {unknown}
 m - a potion of haste {unknown}
 r - a potion of ambrosia {unknown}
 t - a potion of curing {unknown}
Comestibles
 e - 3 bread rations
 s - 8 chunks of flesh


   Skills:
 + Level 3.6 Fighting
 + Level 3.1 Long Blades
 + Level 3.6 Armour
 - Level 2.6 Shields


You had 3 spell levels left.
You didn't know any spells.

Dungeon Overview and Level Annotations

Branches:
Dungeon (2/15)

Annotations:
D:2 Natasha


Innate Abilities, Weirdness & Mutations

You have an increased reservoir of magic (+10% MP).
Your attributes are resistant to harm.


Message History

You hit Natasha.
Natasha is almost dead.
The white imp hits you but does no damage.
Natasha claws you.
* * * LOW HITPOINT WARNING * * *
The white imp hits you.
* * * LOW HITPOINT WARNING * * *
The white imp freezes you.
* * * LOW HITPOINT WARNING * * *
You closely miss Natasha.
Natasha is almost dead.
Natasha claws you.
* * * LOW HITPOINT WARNING * * *
The white imp puffs mist at you. You block the white imp's attack.
Natasha barely misses you.
The white imp hits you but does no damage.
You closely miss Natasha.
Natasha is almost dead.
Natasha claws you.
You die...

##.## 8.8.8.8..# #.#
##..## #######)## ##.#
##..<## #.#.# #..#
#.#.#†## #.#.# #.##
.##.##.######.#.# #.#
#.............#.# #.#
..#.##.######.#.# #.#
#......######...####.#
##..........†..h@....#
##.##.######...5..###
####.# #.≈.≈..# #.#
#..≈_≈≈# #.# #..≈≈≈.#
#.# ##≈...≈.# ### #.#
##.###.# #.. .> #.# >#
#.# #.#


You could see Natasha and a white imp.

Vanquished Creatures
  Ijyb (D:2)
  Natasha (D:2)
  2 adders (D:2)
  2 worms (D:2)
  3 giant geckos (D:2)
  3 giant cockroaches
  11 goblins
  10 hobgoblins
  7 kobolds
  7 bats
  2 giant newts
  4 rats
53 creatures vanquished.

Notes
Turn   | Place    | Note
--------------------------------------------------------------
     0 | D:1      | Kloppie the Demigod Fighter began the quest for the Orb.
     0 | D:1      | Reached XP level 1. HP: 18/18 MP: 3/3
   211 | D:1      | Reached XP level 2. HP: 15/25 MP: 4/4
   239 | D:1      | Reached skill level 3 in Armour
   633 | D:2      | Noticed Natasha
   646 | D:2      | Killed Natasha
   646 | D:2      | Reached XP level 3. HP: 16/31 MP: 5/5
   834 | D:2      | Found a snail-covered altar of Cheibriados.
  1161 | D:2      | Found an opulent altar of Gozag.
  1163 | D:2      | Found a shattered altar of Ashenzari.
  1165 | D:2      | Found a glowing silver altar of Zin.
  1556 | D:2      | Reached XP level 4. HP: 35/38 MP: 6/6
  1627 | D:2      | Found a blossoming altar of Fedhas.
  1645 | D:2      | Noticed Ijyb
  1673 | D:2      | Killed Ijyb
  1718 | D:2      | Noticed Natasha
  1732 | D:2      | Slain by Natasha

Action                   |  1- 3 |  4- 6 || total
-------------------------+-------+-------++-------
Melee: Long sword        |   170 |    53 ||   223
  Eat: Chunk             |     2 |     1 ||     3
